 Dungeon Crawl Stone Soup version 0.24-a0-619-gb7544fd (webtiles) character file.

Game seed: 16173076542032960028, levelgen mode: deterministic

47950 ArcanElement the Thaumaturge (level 14, -2/80 HPs)
             Began as a Deep Elf Wizard on Sept 18, 2019.
             Was an Elder of Sif Muna.
             Killed from afar by an ice statue (29 damage)
             ... with a shard of ice
             ... in an ice cave.
             The game lasted 01:55:47 (28168 turns).

ArcanElement the Thaumaturge (Deep Elf Wizard)     Turns: 28168, Time: 01:55:47

Health: -2/80      AC: 11    Str:  7    XL:     14   Next: 10%
Magic:  29/31      EV: 18    Int: 29    God:    Sif Muna [****..]
Gold:   1291       SH:  0    Dex: 13    Spells: 0/36 levels left

rFire    + + .     SeeInvis .   B - +4 spear (flame)
rCold    + + .     Gourm    .   (no shield)
rNeg     . . .     Faith    .   x - +2 robe {rF+}
rPois    .         Spirit   .   b - +1 hat
rElec    .         Reflect  .   t - scarf {rC+ rF+}
rCorr    .         Harm     .   i - +2 pair of gloves
MR       +....                  G - +2 pair of boots
Stlth    ++........             c - amulet of regeneration
HPRegen  0.63/turn              a - +3 ring of strength
MPRegen  0.22/turn              v - ring of protection from cold

@: no status effects
A: no striking features
a: Channel Magic, Forget Spell, Divine Exegesis, Renounce Religion


You were in an ice cave.
You worshipped Sif Muna.
Sif Muna was greatly pleased with you.
You were very hungry.

You visited 4 branches of the dungeon, and saw 19 of its levels.
You visited the Abyss 2 times.
You also visited: Ice Cave and Volcano.

You collected 1538 gold pieces.
You spent 247 gold pieces at shops.

Inventory:

Hand Weapons
 n - the +1 shortbow "Kyiffuc" {venom, rN++ Dex+2}
   (You found it on level 3 of the Lair of Beasts)

   It poisons the ammo it fires.
   It affects your dexterity (+2).
   It greatly protects you from negative energy.
 B - a +4 spear of flaming (weapon)
Missiles
 l - 36 poisoned darts (quivered)
 p - 251 arrows
 I - 3 curare-tipped darts
 L - 9 datura-tipped darts
 Q - 5 silver boomerangs
Armour
 b - a +1 hat (worn)
 i - a +2 pair of gloves (worn)
 t - a scarf of resistance (worn)
 x - a +2 robe of fire resistance (worn)
 G - a +2 pair of boots (worn)
Jewellery
 a - a +3 ring of strength (left hand)
 c - an amulet of regeneration (around neck)
 j - an uncursed ring of flight
 v - a ring of protection from cold (right hand)
 R - a +4 ring of dexterity
Wands
 y - a wand of iceblast (10)
 M - a wand of flame (30)
 P - a wand of paralysis (4)
Scrolls
 q - 2 scrolls of fear
 r - 2 scrolls of summoning
 A - 2 scrolls of magic mapping
 C - 4 scrolls of remove curse
 D - 4 scrolls of fog
 H - 3 scrolls of immolation
Potions
 h - 6 potions of agility
 k - 8 potions of curing
 m - 3 potions of lignification
 o - 7 potions of heal wounds
 z - a potion of resistance
 J - 2 potions of magic
 N - a potion of ambrosia
 O - 2 potions of flight
 Y - a potion of haste
Comestibles
 d - 34 rations


   Skills:
 - Level 6.8 Fighting
 - Level 10.3 Dodging
 - Level 2.4 Stealth
 - Level 11.5 Spellcasting
 + Level 7.5 Conjurations
 - Level 7.0 Hexes
 - Level 6.1 Summonings
 - Level 6.1 Translocations
 - Level 6.4 Transmutations
 - Level 5.8 Fire Magic
 - Level 6.1 Ice Magic
 - Level 5.4 Air Magic
 + Level 7.0 Earth Magic
 - Level 5.8 Poison Magic
 - Level 10.2 Invocations


You couldn't memorise any spells.
You knew the following spells:

 Your Spells              Type           Power        Failure   Level  Hunger
a - Magic Dart            Conj           ####         1%          1    None
b - Blink                 Tloc           N/A          1%          2    None
c - Summon Ice Beast      Ice/Summ       ######..     2%          4    None
d - Metabolic Englaciati  Hex/Ice        ######....   6%          5    ###....
e - Mephitic Cloud        Conj/Pois/Air  ######..     1%          3    None
f - Conjure Flame         Conj/Fire      ######..     1%          3    None
g - Throw Frost           Conj/Ice       ######       1%          2    None
h - Lightning Bolt        Conj/Air       ######....   6%          5    ###....
i - Irradiate             Conj/Tmut      ######....   4%          5    ###....
k - Iron Shot             Conj/Erth      ######....   24%         6    #####..

Your spell library contained the following spells:

 Spells                   Type           Power        Failure   Level  Hunger
 Apportation              Tloc           ######       1%          1    None
 Beastly Appendage        Tmut           ######       1%          1    None
 Confusing Touch          Hex            ######       1%          1    None
 Freeze                   Ice            ####         1%          1    None
 Summon Small Mammal      Summ           ####         1%          1    None
 Call Imp                 Summ           ######..     1%          2    None
 Slow                     Hex            ######..     1%          2    None
 Sticks to Snakes         Tmut           ######..     1%          2    None
 Confuse                  Hex            ######..     1%          3    None
 Gell's Gravitas          Tloc           ######....   1%          3    None
 Spider Form              Tmut/Pois      ######....   1%          3    None
 Petrify                  Tmut/Erth      ######..     1%          4    None
 Throw Icicle             Conj/Ice       ######..     1%          4    None
 Ice Form                 Ice/Tmut       ######..     2%          4    None
 Animate Skeleton         Necr           N/A          3%          1    None
 Pain                     Necr           ###.         3%          1    None
 Yara's Violent Unravell  Hex/Tmut       ######....   5%          5    ###....
 Blade Hands              Tmut           ######....   6%          5    ###....
 Vampiric Draining        Necr           ###.......   10%         3    None
 Bolt of Cold             Conj/Ice       ######....   30%         6    #####..
 Statue Form              Tmut/Erth      ######...    30%         6    #####..
 Hydra Form               Tmut           ######....   34%         6    #####..
 Ozocubu's Refrigeration  Ice            ######....   38%         6    #####..
 Excruciating Wounds      Chrm/Necr      ###.......   65%         5    ###....
 Dragon Form              Tmut           ######....   89%         7    ######.


Dungeon Overview and Level Annotations

Branches:
Dungeon (10/15)            Temple (1/1) D:5            Lair (6/6) D:9
  Swamp (0/4) Lair:4        Snake (0/4) Lair:4        Slime (0/5) Lair:5
    Orc (2/2) D:10          IceCv (1/1)             Volcano (visited)
    Elf: Orc:2

Altars:
Ashenzari
Cheibriados
Dithmenos
Elyvilon
Fedhas
Gozag
Hepliaklqana
Kikubaaqudgha
Makhleb
Nemelex Xobeh
Okawaru
Qazlal
Ru
Sif Muna
Trog
Uskayaw
Vehumet
Wu Jian
Xom
Yredelemnul
Zin
The Shining One
Jiyva

Shops:
D:4 (   D:10 ([

Annotations:
Lair:5 exclusion: oklob plant IceCv exclusion: 2 ice statues


Message History

Aiming: Throw Flame
Press: ? - help, Shift-Dir - straight line, f - ice statue
Aim: an ice statue (almost destroyed)
The puff of flame hits the ice statue but does no damage.
The ice statue is almost destroyed.
The ice beast closely misses you. The ice beast barely misses you.
The ice statue gestures at you. The shard of ice hits you!
You partially resist. The ice beast misses you.
The ice beast closely misses you.
Casting: Conjure Flame (safe; 1% risk of failure)
Confirm with . or Enter, or press ? or * to list all spells.
You blink.
The ice statue gestures at you. The shard of ice misses you.
Okay, then.
Unknown command.
The ice statue glitters chillingly in the dim dungeon light.
The ice statue gestures at you. The shard of ice hits you!!
You partially resist.
You die...

##....# ##.....##
#.....Y8# ###
#...YY§## ######..
#.......### ##..##...
##.........###........
#....YY.....#.......∩.
#........##....##.....
#....@..####..#####...
##......8# #### ##..
##.#.#### ### #####


You could see 2 ice statues and 5 ice beasts.

Vanquished Creatures
  The ghost of Messyblue the Crack Shot, a journeyman CeHu of Okawaru (Lair:1)
  6 hydras
  A two-headed ogre (D:10)
  A dancing weapon (Volcano)
  Sonja (Lair:5)
  A large abomination (Abyss:2)
  3 wizards (Volcano)
  A wolf spider (Lair:6)
  The ghost of BoppinsLewinski the Insei, a novice DsAK of Trog (D:5)
  The ghost of vegansnacktivist the Magician, a novice OpTm of Okawaru (D:5)
  6 elephants (Lair:5)
  An orb spider (Lair:3)
  A cyclops (Lair:5)
  A guardian serpent (Lair:6)
  Joseph (D:9)
  3 toenail golems (Volcano)
  7 black mambas
  A smoke demon (Abyss:2)
  A centaur skeleton (D:10)
  11 spiny frogs
  A rime drake (Lair:5)
  4 komodo dragons
  An ancient zyme (Abyss:2)
  2 ice devils (IceCv)
  A troll (D:10)
  2 polar bears
  3 hornets (Lair:6)
  10 blink frogs
  6 hippogriffs
  4 slime creatures (Lair:1)
  3 spriggans
  3 wraiths
  35 yaks
  12 wyverns
  3 basilisks
  3 vampire mosquitoes (Lair:4)
  5 hungry ghosts
  3 nagas (Lair:4)
  24 water moccasins
  2 floating eyes (D:10)
  6 porcupines
  2 black bears
  A necrophage (D:9)
  6 orc warriors
  3 ice beasts
  2 sky beasts
  6 ogres
  A phantom (D:8)
  7 wolves (Lair:2)
  4 centaurs
  7 crocodiles
  A big kobold (D:10)
  14 bullfrogs
  A wyvern zombie (D:8)
  7 scorpions
  A water moccasin skeleton (D:10)
  8 killer bees
  3 howler monkeys
  6 electric eels
  3 crimson imps
  2 bullfrog zombies (D:8)
  2 centaur zombies
  3 orc wizards
  4 orc priests
  10 hounds
  8 jellies
  2 bullfrog skeletons (D:5)
  Jessica (D:2)
  3 iguanas
  6 worker ants
  A killer bee zombie (D:7)
  A hound zombie (D:9)
  2 hound skeletons
  4 gnolls
  11 adders
  7 shadow imps
  4 white imps (IceCv)
  An ufetubus (Abyss:2)
  An ooze (D:6)
  2 adder zombies
  2 adder skeletons (D:6)
  A worm (D:4)
  6 leopard geckos
  24 orcs
  2 ball pythons
  3 giant cockroaches
  15 goblins
  10 hobgoblins
  3 jackals
  4 quokkas
  9 bats
  7 frilled lizards
  A jackal zombie (D:5)
  11 kobolds
  2 leopard gecko skeletons
  A quokka zombie (D:9)
  13 rats
  A plant (Lair:6)
456 creatures vanquished.

Vanquished Creatures (collateral kills)
  2 wizards (Volcano)
  2 toenail golems (Volcano)
  A vampire mosquito (Lair:4)
  2 water moccasins
  A floating eye (D:10)
  A black bear (D:9)
  2 ogres (D:7)
  A crocodile (Lair:1)
  A crimson imp (D:2)
  An orc priest (D:9)
  Crazy Yiuf (D:3)
  An iguana (D:8)
  Robin (D:1)
  2 adders (D:4)
  A gnoll (D:1)
  4 white imps (IceCv)
  An ufetubus (IceCv)
  3 worms
  A leopard gecko (D:9)
  2 orcs
  3 bats (D:4)
  2 jackals (D:1)
  A quokka (D:4)
  6 rats (D:1)
43 creatures vanquished.

Vanquished Creatures (others)
  An ice beast (D:8)
  5 electric eels
  A centaur zombie (D:6)
  2 white imps (IceCv)
  6 ufetubi (IceCv)
  A leopard gecko (D:6)
  14 fungi
  11 plants
  3 starspawn tentacles (Abyss:2)
44 creatures vanquished.

Grand Total: 543 creatures vanquished

Notes
Turn   | Place    | Note
-------+----------+-------------------------------------------
     0 | D:1      | ArcanElement the Deep Elf Wizard began the quest for the
                  | Orb.
     0 | D:1      | Reached XP level 1. HP: 10/10 MP: 7/7
   217 | D:1      | Reached XP level 2. HP: 9/16 MP: 7/9
   221 | D:1      | Learned a level 2 spell: Blink
   224 | D:1      | Learned a level 2 spell: Call Imp
   227 | D:1      | Learned a level 2 spell: Slow
   549 | D:1      | Reached skill level 1 in Fighting
   621 | D:1      | Reached XP level 3. HP: 20/20 MP: 7/11
   680 | D:1      | Reached skill level 5 in Spellcasting
   694 | D:1      | Learned a level 3 spell: Mephitic Cloud
  1008 | D:2      | Noticed Robin
  1134 | D:1      | Killed Robin
  1449 | D:2      | Reached XP level 4. HP: 20/26 MP: 2/13
  1562 | D:2      | Found a white marble altar of Elyvilon.
  1565 | D:2      | Noticed Jessica
  1575 | D:2      | Killed Jessica
  1677 | D:2      | Learned a level 3 spell: Conjure Flame
  1685 | D:2      | Found a sacrificial altar of Ru.
  1688 | D:2      | Found an opulent altar of Gozag.
  1751 | D:2      | Reached XP level 5. HP: 29/30 MP: 0/15
  1900 | D:2      | Found an iron altar of Okawaru.
  1900 | D:2      | Found a shadowy altar of Dithmenos.
  1901 | D:2      | Found a bloodstained altar of Trog.
  1901 | D:2      | Found a white marble altar of Elyvilon.
  1902 | D:2      | Found a glowing silver altar of Zin.
  1931 | D:2      | Reached skill level 6 in Spellcasting
  2730 | D:3      | Found a hazy altar of Hepliaklqana.
  2737 | D:3      | Reached XP level 6. HP: 36/36 MP: 7/17
  3090 | D:3      | Found a stormy altar of Qazlal.
  3474 | D:3      | Found a runed translucent door.
  3475 | D:3      | Noticed Crazy Yiuf
  3483 | D:3      | Killed Crazy Yiuf
  3630 | D:4      | Reached skill level 5 in Dodging
  3782 | D:4      | Found Ockat's Weapon Shop.
  3904 | D:4      | Reached skill level 7 in Spellcasting
  4007 | D:4      | Reached XP level 7. HP: 28/41 MP: 4/19
  4724 | D:5      | Entered Level 5 of the Dungeon
  5034 | D:5      | Reached skill level 8 in Spellcasting
  5621 | D:5      | Reached XP level 8. HP: 48/48 MP: 17/22
  5640 | D:5      | Found a staircase to the Ecumenical Temple.
  5649 | Temple   | Entered the Ecumenical Temple
  5877 | D:5      | Found a runed translucent gate.
  5878 | D:5      | Found a runed translucent gate.
  5878 | D:5      | Found a runed translucent gate.
  5879 | D:5      | Noticed BoppinsLewinski's ghost (novice DsAK)
  5879 | D:5      | Noticed vegansnacktivist's ghost (novice OpTm)
  6493 | D:6      | Reached skill level 9 in Spellcasting
  6868 | D:6      | Found a shattered altar of Ashenzari.
  6993 | D:7      | Reached skill level 5 in Fighting
  7396 | D:7      | Reached XP level 9. HP: 54/54 MP: 18/24
  7501 | D:7      | Reached skill level 10 in Spellcasting
  9429 | D:8      | Reached skill level 11 in Spellcasting
  9715 | D:8      | Reached skill level 10 in Dodging
  9863 | D:8      | Found a radiant altar of Vehumet.
  9870 | D:8      | Found an ancient bone altar of Kikubaaqudgha.
  9871 | D:8      | Found a shimmering blue altar of Sif Muna.
  9876 | D:8      | Became a worshipper of Sif Muna the Loreminder
  9883 | D:8      | Identified Kikubaaqudgha's Disquisition on Unholy Secrets
 10298 | D:8      | Reached XP level 10. HP: 61/61 MP: 3/27
 10607 | D:9      | Found a staircase to the Lair.
 10677 | D:9      | Reached skill level 1 in Hexes
 10830 | D:9      | Reached skill level 1 in Poison Magic
 10830 | D:9      | Reached skill level 1 in Fire Magic
 10886 | D:9      | Reached skill level 1 in Air Magic
 11073 | D:9      | Reached * piety under Sif Muna
 11539 | D:9      | Noticed Joseph
 11549 | D:9      | Killed Joseph
 11898 | Lair:1   | Entered Level 1 of the Lair of Beasts
 11898 | Lair:1   | Found a runed translucent gate.
 11898 | Lair:1   | Found a runed translucent gate.
 11898 | Lair:1   | Found a runed translucent gate.
 12049 | Lair:1   | Found a stormy altar of Qazlal.
 12797 | Lair:1   | Noticed Messyblue's ghost (journeyman CeHu)
 12798 | Lair:1   | Found a viscous altar of Jiyva.
 12825 | Lair:1   | Reached XP level 11. HP: 57/66 MP: 25/28
 14203 | Lair:2   | Reached ** piety under Sif Muna
 14713 | Lair:3   | Noticed a six-headed hydra
 14739 | Lair:3   | Killed a six-headed hydra
 14739 | Lair:3   | Reached skill level 5 in Hexes
 15231 | Lair:3   | Reached skill level 5 in Translocations
 15366 | Lair:3   | Reached skill level 5 in Summonings
 15378 | Lair:3   | Reached skill level 5 in Conjurations
 15379 | Lair:3   | Noticed an orb spider
 15379 | Lair:3   | a yak changed into an orb spider
 15383 | Lair:3   | Killed an orb spider
 15820 | Lair:3   | Reached skill level 5 in Fire Magic
 15821 | Lair:3   | Reached skill level 5 in Poison Magic
 16575 | Lair:3   | Noticed a five-headed hydra
 16607 | Lair:3   | Killed a five-headed hydra
 16631 | Lair:3   | Got a crystal shortbow
 16632 | Lair:3   | Identified the cursed +1 shortbow "Kyiffuc" {venom, rN++
                  | Dex+2} (You found it on level 3 of the Lair of Beasts)
 16974 | Lair:4   | Found a dark tunnel.
 16983 | Volcano  | Entered a volcano
 16993 | Volcano  | Noticed a wizard
 17011 | Volcano  | Reached XP level 12. HP: 39/71 MP: 19/29
 17016 | Volcano  | Reached skill level 5 in Air Magic
 17297 | Volcano  | Cast into level 2 of the Abyss (a wizard)
 17363 | Volcano  | Escaped the Abyss
 17378 | Volcano  | Cast into level 2 of the Abyss (a wizard)
 17477 | Abyss:2  | Reached skill level 1 in Invocations
 17593 | Abyss:2  | Noticed a lich
 17651 | Abyss:2  | Noticed an ophan
 17652 | Abyss:2  | Identified the Tome of Arcane Weapons
 17664 | Abyss:2  | Found a viscous altar of Jiyva.
 17664 | Abyss:2  | Found a corrupted altar of Lugonu.
 17713 | Abyss:2  | Noticed a bone dragon
 17798 | Abyss:2  | Noticed a tentacled starspawn
 17817 | Abyss:2  | Learned a level 2 spell: Throw Frost
 17823 | Abyss:2  | Learned a level 5 spell: Lightning Bolt
 17842 | Abyss:2  | Reached skill level 1 in Ice Magic
 17858 | Volcano  | Escaped the Abyss
 18268 | Volcano  | Learned a level 6 spell: Iron Shot
 18450 | Lair:4   | Reached *** piety under Sif Muna
 18450 | Lair:4   | Reached skill level 1 in Earth Magic
 18896 | Lair:4   | Found a staircase to the Snake Pit.
 19417 | Lair:4   | Reached skill level 5 in Invocations
 19616 | Lair:4   | Found a staircase to the Swamp.
 20336 | Lair:4   | Learned a level 4 spell: Petrify
 20362 | Lair:5   | Noticed Sonja
 20362 | Lair:5   | Noticed a seven-headed hydra
 20382 | Lair:5   | Reached skill level 1 in Transmutations
 20779 | Lair:4   | Reached skill level 5 in Ice Magic
 20922 | Lair:4   | Reached XP level 13. HP: 18/76 MP: 14/30
 21191 | Lair:5   | Killed Sonja
 21209 | Lair:5   | Found a staircase to the Slime Pits.
 21209 | Lair:5   | Found a viscous altar of Jiyva.
 21341 | Lair:5   | Found a sparkling altar of Nemelex Xobeh.
 21800 | Lair:5   | Reached skill level 5 in Earth Magic
 21803 | Lair:5   | Reached **** piety under Sif Muna
 21904 | Lair:5   | You fall into a shaft and drop 1 floor!
 21904 | Lair:6   | Entered Level 6 of the Lair of Beasts
 22734 | Lair:5   | Learned a level 5 spell: Irradiate
 23259 | Lair:6   | Reached skill level 5 in Transmutations
 24590 | Lair:6   | Reached skill level 10 in Invocations
 25445 | D:5      | Killed vegansnacktivist's ghost
 25447 | D:5      | Killed BoppinsLewinski's ghost
 25705 | Lair:1   | Killed Messyblue's ghost
 26068 | Lair:1   | Learned a level 5 spell: Metabolic Englaciation
 26101 | D:10     | Entered Level 10 of the Dungeon
 26194 | D:10     | Reached ***** piety under Sif Muna
 26194 | D:10     | Identified Sif Muna's Reference Book on Doomed Cold (Sif
                  | Muna gifted it to you on level 10 of the Dungeon)
 26194 | D:10     | Received a gift from Sif Muna
 26194 | D:10     | Reached XP level 14. HP: 80/80 MP: 1/31
 26566 | D:10     | Found Qeta's Weapon Boutique.
 26566 | D:10     | Found a staircase to the Orcish Mines.
 26566 | D:10     | Found Elopeig's Armour Boutique.
 26726 | D:10     | Bought a +2 pair of gloves for 247 gold pieces
 26780 | D:10     | Paralysed by a floating eye for 3 turns
 27184 | D:10     | Identified a scroll of acquirement
 27299 | Lair:1   | Learned a level 4 spell: Summon Ice Beast
 27345 | Orc:1    | Entered Level 1 of the Orcish Mines
 27384 | Orc:2    | Entered Level 2 of the Orcish Mines
 27412 | Orc:1    | Found a frozen archway.
 27415 | IceCv    | Entered an ice cave
 28168 | IceCv    | Killed from afar by an ice statue

Levels and vault maps discovered:
D:1:      erik_arrival_orb_chamber, layout_rooms
D:2:      layout_rooms, grunt_temple_overflow_open, st_stairs_5,
          minmay_tree_intersection, elyvilon_altar_5, uniq_robin, uniq_jessica
D:3:      layout_loops_corners, lemuel_doored_altar, grunt_qazlal_sundering,
          uniq_crazy_yiuf_cottage
D:4:      old_forge, layout_cave_pools, serial_shops, shop, chequers_big_river
D:5:      layout_loops_ring, minmay_temple_entry_poolview,
          gammafunk_ghost_cemetery, first_ration
D:6:      layout_cave_pools, kennysheep_mini, serial_bayou, serial_bayou_ford_a,
          serial_bayou_shore_b, serial_bayou_pond_c, serial_bayou_lake_a
D:7:      cheibrodos_two_vegetables, layout_gridville
D:8:      minmay_s_stair_smasher, layout_loops_corners,
          grunt_temple_overflow_magic_moments, the_bakery, nrook_pool_corridor
D:9:      layout_long_grid, dpeg_oklobed_lair, roderic_roman_lattice,
          uniq_joseph
D:10:     layout_cave_pools, orc_david_3, minmay_fountain_box,
          hangedman_decor_clover_reticule, onia_ninara_cookie
Temple:   jpeg_temple_island
Lair:1:   layout_chaotic_city, basic_altar, gammafunk_ghost_ooze,
          grunt_megastairs_5
Lair:2:   layout_cave_pods, bh_chokoban, minivault_11, st_stairs_6,
          minmay_hedge_maze, forest_entry_grove
Lair:3:   cheibrodos_lair_river_kwai, layout_cave_pods,
          grunt_forest_small_clearings
Lair:4:   layout_layer_cave, minmay_swamp_entry_swarm,
          guppyfry_snake_entry_garden, nicolae_volcano_entry_lava_flow,
          patterned_corridor, lemuel_fruit_tree
Lair:5:   layout_regular_city, slime_altar_1, lemuel_oklob_altar,
          grunt_megastairs_1, infiniplex_staircase_pool, uniq_sonja
Lair:6:   hangedman_lair_tendril_chambers, layout_gridlike,
          serial_bayou_shore_a, serial_bayou_shore_b,
          infiniplex_staircase_pool_2
Orc:1:    layout_diamond_mine, portal_ice_cave_entry_imps, uniq_nergalle,
          uniq_fannar
Orc:2:    st_orc_open, layout_caves, serial_shops, shop,
          nicolae_orc_crystal_geode
IceCv:    ice_cave_small_demon

Skill      XL: |  1  2  3  4  5  6  7  8  9 10 11 12 13 14 |
---------------+-------------------------------------------+-----
Dodging        | 3 4 5 6 8 10 | 10.3
Fighting       | 1 2 3 4 5 6 |  6.8
Spellcasting   | 5 6 7 8 9 11 | 11.5
Hexes          | 4 6 7 |  7.0
Poison Magic   | 3 5 |  5.8
Fire Magic     | 3 5 |  5.8
Translocations | 3 5 6 |  6.1
Air Magic      | 3 4 5 |  5.4
Summonings     | 3 5 6 |  6.1
Conjurations   | 3 5 6 7 |  7.5
Invocations    | 6 10 | 10.2
Ice Magic      | 5 6 |  6.1
Earth Magic    | 4 6 7 |  7.0
Transmutations | 2 6 |  6.4
Stealth        | |  2.4

Action                   |  1- 3 |  4- 6 |  7- 9 | 10-12 | 13-15 || total
-------------------------+-------+-------+-------+-------+-------++-------
Melee: Unarmed           |     1 |       |       |       |       ||     1
       Dagger            |    24 |    42 |       |       |       ||    66
       Quarterstaff      |       |    13 |   163 |   323 |    48 ||   547
       Spear             |       |       |       |       |   321 ||   321
 Fire: Shortbow          |       |       |       |     5 |     5 ||    10
Throw: Dart              |       |     3 |     6 |     3 |     3 ||    15
 Cast: Magic Dart        |    83 |   124 |   338 |   268 |    93 ||   906
       Call Imp          |    11 |    14 |    14 |    47 |     9 ||    95
       Mephitic Cloud    |     2 |     6 |    29 |    48 |    29 ||   114
       Blink             |     1 |       |       |    28 |    24 ||    53
       Conjure Flame     |       |     8 |    34 |   110 |    98 ||   250
       Slow              |       |       |     1 |     5 |    10 ||    16
       Throw Frost       |       |       |       |    50 |   141 ||   191
       Lightning Bolt    |       |       |       |    11 |    13 ||    24
       Irradiate         |       |       |       |       |     9 ||     9
       Metabolic Englaci |       |       |       |       |     2 ||     2
       Summon Ice Beast  |       |       |       |       |    10 ||    10
 Abil: Evoke Flight      |       |       |       |     1 |       ||     1
Evoke: Wand              |       |       |     2 |    15 |    13 ||    30
  Use: Scroll            |       |     4 |     9 |    21 |    15 ||    49
       Potion            |       |       |     4 |     2 |     5 ||    11
 Stab: Confused          |     1 |     1 |     2 |    12 |     6 ||    22
       Sleeping          |       |     2 |       |     2 |       ||     4
       Paralysed         |       |       |     4 |     8 |       ||    12
       Petrified         |       |       |     5 |     4 |       ||     9
       Distracted        |       |       |       |     2 |     3 ||     5
  Eat: Chunk             |     1 |     8 |    19 |    16 |    12 ||    56
       Ration            |       |       |     1 |     5 |     4 ||    10
Armor: Robe              |    12 |     9 |    17 |    68 |    47 ||   153
Dodge: Dodged            |    68 |    66 |   146 |   374 |   272 ||   926

Table legend:
 A = Non-vault XP
 B = Vault XP
 C = Vault XP percentage of total XP
 D = Non-vault monster count
 E = Vault monster count
 F = Vault count percentage of total count
                 A         B        C        D         E       F
            +---------+---------+-------+---------+---------+-------
      Total |   35722 |   32779 |  47.9 |     320 |     185 |  36.6
            +---------+---------+-------+---------+---------+-------
        D:1 |      43 |      20 |  31.7 |      26 |      13 |  33.3
        D:2 |     201 |      58 |  22.4 |      34 |      12 |  26.1
        D:3 |      90 |      20 |  18.2 |      13 |       1 |   7.1
        D:4 |     110 |     270 |  71.1 |       9 |      11 |  55.0
        D:5 |     636 |     880 |  58.0 |      25 |       2 |   7.4
        D:6 |     728 |       0 |   0.0 |      18 |       0 |   0.0
        D:7 |    1001 |     347 |  25.7 |      19 |       9 |  32.1
        D:8 |    1229 |    1006 |  45.0 |      19 |      15 |  44.1
        D:9 |    1826 |     481 |  20.8 |      31 |       1 |   3.1
       D:10 |    2172 |    1765 |  44.8 |      11 |      22 |  66.7
     Lair:1 |    2977 |    2688 |  47.4 |      17 |      12 |  41.4
     Lair:2 |    1572 |    1230 |  43.9 |       9 |       7 |  43.8
     Lair:3 |    5106 |    2068 |  28.8 |      21 |       6 |  22.2
     Lair:4 |    3754 |    1339 |  26.3 |      18 |       8 |  30.8
     Lair:5 |    8095 |    3482 |  30.1 |      30 |       9 |  23.1
     Lair:6 |    4299 |   10113 |  70.2 |      13 |      35 |  72.9
      Orc:1 |     132 |       0 |   0.0 |       2 |       0 |   0.0
    Abyss:2 |    1751 |       0 |   0.0 |       5 |       0 |   0.0
      IceCv |       0 |     700 | 100.0 |       0 |      11 | 100.0
    Volcano |       0 |    6312 | 100.0 |       0 |      11 | 100.0
            +---------+---------+-------+---------+---------+-------
